 Dungeon Crawl Stone Soup version 0.31-a0-1010-g5322dac6a2 (webtiles) character file.

Game seed: 14092772784773582506

1102 Armakuni the Charlatan (level 8, -5/60 HPs)
             Began as a Gnoll Artificer on Nov 16, 2023.
             Slain by a wight
             ... wielding a +4 battleaxe
              (15 damage)
             ... on level 6 of the Dungeon.
             The game lasted 00:10:39 (4816 turns).

Armakuni the Charlatan (Gnoll Artificer)            Turns: 4816, Time: 00:10:40

Health: -5/60      AC:  8    Str: 12    XL:     8   Next: 32%
Magic:  12/12      EV: 11    Int: 13    God:
Gold:   258        SH:  0    Dex: 12    Spells: 13/13 levels left

rFire   + . .        a - +10 lajatang of Linearity {heavy, rF+}
rCold   . . .        (shield currently unavailable)
rNeg    . . .        g - +0 ring mail
rPois   +            h - +0 helmet
rElec   .            (no cloak)
rCorr   .            (no gloves)
SInv    .            x - +0 pair of boots
Will    .....        (no amulet)
Stlth   ++           P - ring of poison resistance
HPRegen 0.30/turn    L - ring of flight
MPRegen 0.13/turn

%: no passive effects
@: flying
A: fangs 1, strong nose, distributed training
a: no special abilities


You were on level 6 of the Dungeon.
You visited 1 branch of the dungeon, and saw 6 of its levels.

You collected 351 gold pieces.
You spent 93 gold pieces at shops.

Inventory:

Hand Weapons
 a - the +10 lajatang of Linearity (weapon) {heavy, rF+}
   (You acquired it on level 5 of the Dungeon)

   rF+:       It protects you from fire.
Armour
 g - a +0 ring mail (worn)
 h - a +0 helmet (worn)
 x - a +0 pair of boots (worn)
Jewellery
 L - a ring of flight (right hand)
 P - a ring of poison resistance (left hand)
Wands
 c - a wand of charming (10)
 j - a wand of iceblast (2)
 v - a wand of flame (19) (quivered)
Scrolls
 o - a scroll of enchant weapon
 q - a scroll of fear
 r - 2 scrolls of fog
 t - 2 scrolls of teleportation
 u - a scroll of revelation
 B - a scroll of enchant armour {unknown}
Potions
 d - 2 potions of attraction {unknown}
 e - a potion of brilliance {unknown}
 f - 3 potions of curing {unknown}
 i - 2 potions of resistance {unknown}
 k - a potion of haste {unknown}
 m - a potion of enlightenment {unknown}
 n - a potion of lignification {unknown}
 s - a potion of heal wounds {unknown}
 z - 2 potions of might {unknown}


   Skills:
 + Level 4.2 Fighting
 + Level 3.2 Short Blades
 + Level 3.2 Long Blades
 + Level 3.2 Axes
 + Level 3.2 Maces & Flails
 + Level 3.2 Polearms
 + Level 3.2 Staves
 + Level 3.2 Ranged Weapons
 + Level 3.2 Throwing
 + Level 5.6 Armour
 + Level 4.2 Dodging
 + Level 4.0 Stealth
 + Level 3.2 Shields
 + Level 3.2 Unarmed Combat
 + Level 3.2 Spellcasting
 + Level 2.6 Conjurations
 + Level 2.6 Hexes
 + Level 2.6 Summonings
 + Level 2.6 Necromancy
 + Level 2.6 Translocations
 + Level 2.6 Transmutations
 + Level 2.6 Fire Magic
 + Level 2.6 Ice Magic
 + Level 2.6 Air Magic
 + Level 2.6 Earth Magic
 + Level 2.6 Poison Magic
 + Level 3.5 Invocations
 + Level 7.3 Evocations
 + Level 2.9 Shapeshifting


You had 13 spell levels left.
You didn't know any spells.
Your spell library contained the following spells:

 Spells                   Type           Power      Damage    Failure   Level
 Poisonous Vapours        Pois/Air       16%        N/A       24%         2
 Frozen Ramparts          Ice            16%        1d3       43%         3
 Mephitic Cloud           Conj/Pois/Air  8%         N/A       43%         3
 Ozocubu's Armour         Ice            8%         N/A       43%         3
 Petrify                  Tmut/Erth      8%         N/A       83%         4
 Freezing Cloud           Conj/Ice/Air   4%         6-21      99%         5
 Metabolic Englaciation   Hex/Ice        4%         N/A       99%         5
 Ozocubu's Refrigeration  Ice            4%         4d8       100%        7


Dungeon Overview and Level Annotations

Branches:
Dungeon (6/15)
 Temple: D:4-7

Altars:
Okawaru
Trog
Vehumet

Shops:
D:6 (*


Innate Abilities, Weirdness & Mutations

You have very sharp teeth.
Your uncanny sense of smell can sniff out nearby items.
Your experience applies equally to all skills.


Message History

Found an escape hatch in the floor.
Found a stone staircase leading down.
A bullfrog comes into view.
There is a stone staircase leading down here.
The bullfrog gives a loud, deep croak!
You slice the bullfrog!!
You kill the bullfrog!
Your Stealth skill increases to level 4!
No target in view!
You reach down and open the door.
Found Luamnib's Assorted Antiques.
There is an open door here.
There is an entrance to Luamnib's Assorted Antiques here.
b - a scroll labelled NERIOR DUSAR;
k - a metallic amethyst potion
l - a scroll labelled ROYTWIA JECU;
p - a scroll labelled RIBYJUACSE Thank you for shopping at Luamnib's Assorted Antiques!
Blink to where?
Press: ? - help, Dir - move target
As you read the scroll labelled NERIOR DUSAR, it crumbles to dust.
It was a scroll of blinking.
As you read the scroll labelled ROYTWIA JECU, it crumbles to dust.
Magic quickly surges around you.
It was a scroll of vulnerability.
You start waiting.
You feel your willpower return.
As you read the scroll labelled RIBYJUACSE, it crumbles to dust.
Your body is wracked with pain!
It was a scroll of torment.
You start resting.
A wight comes into view. It is wielding a +1 heavy hammer.
Okay, then.
A wight comes into view. It is wielding a +4 battleaxe.
You slice the wight like a ripe choko!!!
You destroy the wight!
The wight hits you with a +4 battleaxe!
You barely miss the wight. The wight hits you with a +4 battleaxe!
* * * LOW HITPOINT WARNING * * *
The wight closely misses you.
You barely miss the wight. Your bite misses the wight.
A wight comes into view. It is wielding a +0 war axe.
The wight closely misses you. The wight hits you with a +4 battleaxe!
You die...

#....####.........####.....###
#.......'÷....................
####....####.........####...#<###
#......## ##.......## ##.##.#
#.##.#.# ##..+++.# ####.##
#.#..#.# ##.+∩+.# #...# #.#.##.#
#.'++## ##.## #......# #####...#
#.# ###.#### #...#@### #.# #<#
###...#z######## #.#
#.######.......z.>....# #.#
#................#.##.# #.#
########.....>..#.#.#.# #.#
###...#...###..#####.# #...#..##
##.......# ##....## ##.######
####.. #.##


You could see 2 wights.

Vanquished Creatures
  Sigmund (D:3)
  A water moccasin (D:6)
  2 ogres
  A phantom (D:5)
  A bullfrog (D:6)
  A gnoll sergeant (D:5)
  A wight (D:6)
  2 jellies
  2 orc priests (D:5)
  2 hounds
  2 iguanas
  7 adders
  A white imp (D:6)
  2 worms (D:2)
  5 orcs (D:5)
  5 endoplasms
  3 giant cockroaches
  6 hobgoblins
  6 quokkas
  2 ball pythons (D:2)
  3 bats
  3 frilled lizards
  7 goblins
  3 kobolds
  7 rats
76 creatures vanquished.

Vanquished Creatures (collateral kills)
  2 orc wizards (D:5)
  4 gnolls (D:5)
  2 orcs (D:5)
8 creatures vanquished.

Vanquished Creatures (others)
  A gnoll (D:5)
1 creature vanquished.

Grand Total: 85 creatures vanquished

Notes
Turn   | Place    | Note
-------+----------+-------------------------------------------
     0 | D:1      | Armakuni the Gnoll Artificer began the quest for the Orb.
     0 | D:1      | Reached XP level 1. HP: 17/17 MP: 1/1
   326 | D:1      | Found a faded altar of an unknown god.
   634 | D:1      | You fall into a shaft and drop 1 floor!
   693 | D:2      | Reached XP level 2. HP: 12/23 MP: 2/2
  1411 | D:2      | Reached XP level 3. HP: 18/28 MP: 3/3
  1665 | D:2      | Reached skill level 1 in Invocations
  1815 | D:2      | Reached skill level 1 in Short Blades
  1815 | D:2      | Reached skill level 1 in Long Blades
  1815 | D:2      | Reached skill level 1 in Axes
  1815 | D:2      | Reached skill level 1 in Maces & Flails
  1815 | D:2      | Reached skill level 1 in Polearms
  1815 | D:2      | Reached skill level 1 in Staves
  1815 | D:2      | Reached skill level 1 in Ranged Weapons
  1815 | D:2      | Reached skill level 1 in Throwing
  1815 | D:2      | Reached skill level 1 in Shields
  1815 | D:2      | Reached skill level 1 in Unarmed Combat
  1815 | D:2      | Reached skill level 1 in Spellcasting
  2097 | D:3      | Reached XP level 4. HP: 34/34 MP: 5/5
  2106 | D:3      | Found an iron altar of Okawaru.
  2214 | D:3      | Reached skill level 1 in Shapeshifting
  2288 | D:3      | Noticed Sigmund
  2295 | D:3      | Killed Sigmund
  2296 | D:3      | Reached skill level 1 in Conjurations
  2296 | D:3      | Reached skill level 1 in Hexes
  2296 | D:3      | Reached skill level 1 in Summonings
  2296 | D:3      | Reached skill level 1 in Necromancy
  2296 | D:3      | Reached skill level 1 in Translocations
  2296 | D:3      | Reached skill level 1 in Transmutations
  2296 | D:3      | Reached skill level 1 in Fire Magic
  2296 | D:3      | Reached skill level 1 in Ice Magic
  2296 | D:3      | Reached skill level 1 in Air Magic
  2296 | D:3      | Reached skill level 1 in Earth Magic
  2296 | D:3      | Reached skill level 1 in Poison Magic
  2296 | D:3      | Reached XP level 5. HP: 39/41 MP: 5/7
  2534 | D:3      | Reached XP level 6. HP: 42/47 MP: 8/8
  3112 | D:4      | Reached skill level 5 in Armour
  3464 | D:5      | Entered Level 5 of the Dungeon
  3569 | D:5      | Found a radiant altar of Vehumet.
  3692 | D:5      | Reached XP level 7. HP: 35/52 MP: 10/10
  3700 | D:5      | Reached skill level 7 in Evocations
  4167 | D:5      | Found a bloodstained altar of Trog.
  4346 | D:5      | Identified a scroll of acquirement
  4346 | D:5      | Acquired the +10 lajatang of Linearity {heavy, rF+}
  4502 | D:6      | Found Kavee's Distillery.
  4557 | D:6      | Reached XP level 8. HP: 60/60 MP: 12/12
  4671 | D:6      | Found Poupry's Antique Weapon Shoppe.
  4757 | D:6      | Found Luamnib's Assorted Antiques.
  4760 | D:6      | Bought a scroll labelled NERIOR DUSAR for 24 gold pieces
  4760 | D:6      | Bought a metallic amethyst potion for 21 gold pieces
  4760 | D:6      | Bought a scroll labelled ROYTWIA JECU for 24 gold pieces
  4760 | D:6      | Bought a scroll labelled RIBYJUACSE for 24 gold pieces
  4816 | D:6      | Slain by a wight

Illustrated notes

Levels and vault maps discovered:
D:1:      amcnicky_arrival_single_pillar, layout_basic,
          shapermc_ecumenical_altar_notcrosses, minivault_19,
          corexii_hall_statues_l
D:2:      layout_loops_cross, hangedman_decor_slide_cut, chequers_jeans,
          chequers_garden, minmay_puff
D:3:      layout_loops_ring, okawaru_gym_becter, serial_glass, glass_columns_b,
          glass_columns_b, glass_columns_a, glass_columns_b,
          minmay_misc_feat_iff, st_stairs_4, uniq_sigmund
D:4:      layout_basic
D:5:      layout_basic, overflow_temple_1_default, nicolae_vehumet_altar_sigil,
          nrook_mini_backslash
D:6:      layout_loops_corners, serial_shops, nicolae_shop_stone,
          nicolae_lakefront_shop, shop, nicolae_shop_tiny_real_fake_doors,
          nicolae_the_louvre, uniq_crazy_yiuf_cottage

Skill      XL: |  1  2  3  4  5  6  7  8 |
---------------+-------------------------+-----
Invocations    | 1 2 3 |  3.5
Short Blades   | 1 2 3 |  3.2
Long Blades    | 1 2 3 |  3.2
Axes           | 1 2 3 |  3.2
Maces & Flails | 1 2 3 |  3.2
Polearms       | 1 2 3 |  3.2
Staves         | 1 2 3 |  3.2
Ranged Weapons | 1 2 3 |  3.2
Throwing       | 1 2 3 |  3.2
Shields        | 1 2 3 |  3.2
Unarmed Combat | 1 2 3 |  3.2
Spellcasting   | 1 2 3 |  3.2
Shapeshifting  | 1 2 |  2.9
Fighting       | 3 4 |  4.2
Dodging        | 3 4 |  4.2
Conjurations   | 1 2 |  2.6
Hexes          | 1 2 |  2.6
Summonings     | 1 2 |  2.6
Necromancy     | 1 2 |  2.6
Translocations | 1 2 |  2.6
Transmutations | 1 2 |  2.6
Fire Magic     | 1 2 |  2.6
Ice Magic      | 1 2 |  2.6
Air Magic      | 1 2 |  2.6
Earth Magic    | 1 2 |  2.6
Poison Magic   | 1 2 |  2.6
Stealth        | 3 4 |  4.0
Armour         | 5 |  5.6
Evocations     | 7 |  7.3

Action                     |  1- 3 |  4- 6 |  7- 9 || total
---------------------------+-------+-------+-------++-------
  Melee: Spear             |    76 |       |       ||    76
         Club              |    11 |       |       ||    11
         Bite              |     8 |     7 |     6 ||    21
         Punch             |     1 |       |       ||     1
         Dagger            |    40 |    98 |    63 ||   201
         Lajatang          |       |       |     9 ||     9
   Fire: Sling             |     3 |       |       ||     3
  Evoke: Wand              |     1 |    10 |    17 ||    28
    Use: Scroll            |       |     5 |     6 ||    11
   Stab: Sleeping          |     1 |     1 |     1 ||     3
         Betrayed ally     |       |       |     1 ||     1
 Armour: Ring mail         |    46 |    46 |    31 ||   123
         Leather armour    |     3 |       |       ||     3
  Dodge: Dodged            |    49 |    47 |    44 ||   140

Table legend: (Time is in decaauts)
 A = Elapsed time spent in this place.
 B = Non-inter-level travel time spent in this place.
 C = Inter-level travel time spent in this place.
 D = Time resting spent in this place.
 E = Time spent auto-exploring this place.
 F = Levels seen in this place.
 G = Mean time per level.
                   A        B        C        D        E       F      G
               +--------+--------+--------+--------+--------+-----+--------+
         Total |   4811 |   4709 |    102 |    211 |   3365 |   6 |  801.8 |
       Dungeon |   4811 |   4709 |    102 |    211 |   3365 |   6 |  801.8 |
               +--------+--------+--------+--------+--------+-----+--------+

Top non-repeatable levels by time:
     D:2: 1115 daAuts
     D:5: 1025 daAuts
     D:1: 971 daAuts
     D:4: 782 daAuts
     D:3: 594 daAuts
     D:6: 322 daAuts
